Cogmind - Beta 15 @@@ ROGUE MODE // 2025.06.16 @ 18:27:40 Player: Envian Result: Destroyed by 5B-0E8(R) with Subdweller Laser Performance ------------- Evolutions (0) 0 Regions Visited (2) 400 Robots Destroyed (25) 125 Value Destroyed (403) 403 Prototype IDs (2) 40 Alien Tech Used (0) 0 Bonus (-22) -22 TOTAL SCORE: 946 Bonus ------- Friendly Fire -22 Cogmind --------- Core Integrity 0/250 Matter 297/300 Energy 100/100 System Corruption 0% Temperature Cool (6) Movement Treading (160) Location -10/Subcaves Parts ------- > --- POWER (1) -------- (None) > --- PROPULSION (2) --- Light Treads > --- UTILITY (2) ------ Large Storage Unit Signal Interpreter > --- WEAPON (2) ------- (None) > --- INVENTORY (15) --- Ion Engine Light Ion Engine Improved Terrain Scanner Targeting Computer Scrap Shield Scrap Shield Fragment (45) Scrap Shield Fragment (45) Scrap Shield Fragment (39) Peak State ------------ > --- POWER ------------ Light Ion Engine > --- PROPULSION ------- Light Treads Light Treads > --- UTILITY ---------- Small Storage Unit Improved Terrain Scanner > --- WEAPON ----------- EM Pulse Gun EM Pulse Gun > --- INVENTORY -------- (None) [Rating: 9] Favorites ----------- Power Ion Engine Engine Ion Engine Propulsion Light Treads Treads Light Treads Utility Large Storage Unit Device Improved Terrain Scanner Storage Large Storage Unit Processor Signal Interpreter Protection Light Armor Plating Weapon EM Pulse Gun Energy Gun EM Pulse Gun Ballistic Gun Assault Rifle Launcher Grenade Launcher Build | -11 -10 -10 ------- Run | Yrd Mat Sub Slots Evolved . | . . . Power . | . . . Propulsion . | . . . Utility . | . . . Weapon . | . . . Parts Attached 15 | 7 6 2 Power 2 | 1 1 . Engine 2 | 1 1 . Core . | . . . Reactor . | . . . Propulsion 4 | 2 . 2 Treads 4 | 2 . 2 Leg . | . . . Wheel . | . . . Hover . | . . . Flight . | . . . Utility 5 | 2 3 . Device 1 | 1 . . Storage 2 | 1 1 . Processor 1 | . 1 . Hackware . | . . . Protection 1 | . 1 . Artifact . | . . . Weapon 4 | 2 2 . Energy Gun 2 | 2 . . Energy Cannon . | . . . Ballistic Gun 1 | . 1 . Ballistic Cannon . | . . . Launcher 1 | . 1 . Special Weapon . | . . . Impact Weapon . | . . . Slashing Weapon . | . . . Piercing Weapon . | . . . Special Melee Weapon . | . . . Unidentified Prototypes . | . . . Parts Lost 9 | . 3 6 Power 1 | . . 1 Propulsion 3 | . . 3 Utility 1 | . 1 . Weapon 4 | . 2 2 Highest Loss Streak 4 | . 1 4 To Critical Strikes 1 | . . 1 Average Backups 4 | . 3 5 Power 1 | . 1 2 Propulsion . | . . . Utility 2 | . . 2 Weapon . | . . . Tool/Special . | . . . Unused Backups 3 | . . 3 Power 1 | . . 1 Propulsion . | . . . Utility 2 | . . 2 Weapon . | . . . Tool/Special . | . . . Average Slot Usage (%) 75 | . 95 62 Engine 5 | . 14 . Treads 27 | . 28 27 Storage 14 | . 14 14 Processor 10 | . 4 14 Protection 1 | . 4 . Energy Gun 7 | . 17 . Ballistic Gun 4 | . 7 2 Launcher 2 | . 2 2 Peak Build Rating 9 | 9 9 8 Average Rating 5 | 4 6 5 On Entrance 5 | . 9 7 Naked Turns . | . . . Heaviest Build 32 | 13 32 30 Greatest Support 40 | 40 40 40 Greatest Overweight (x) . | . . . Average Overweight (x) . | . . . Largest Inventory Capacity 15 | 8 15 15 Average Capacity 14 | 7 14 15 Most Carried 9 | 5 6 9 Average Carried 6 | . 3 8 Final Capacity 15 | 8 15 15 Final Carried 9 | . 6 9 Class Distribution -------------------- 100% | Mutant Dominant Class ---------------- Mutant | -10/Materials Mutant | -10/Subcaves Resources | -11 -10 -10 ----------- Run | Yrd Mat Sub Matter Collected 463 | 270 103 90 Remotely . | . . . Salvage Created 679 | 56 609 14 Parts 47 | 7 36 4 Haulers Intercepted 1 | . 1 . Recyclers Shooed . | . . . Parts Field Recycled . | . . . Retrieved Matter . | . . . Parts Self-Destructed 4 | . . 4 Prevented . | . . . Kills | -11 -10 -10 ------- Run | Yrd Mat Sub Combat Hostiles Destroyed 15 | . 11 4 Guns 10 | . 10 . AOE 5 | . 1 4 Classes Destroyed 9 | 1 7 1 Worker 1 | . 1 . Builder 1 | . 1 . Tunneler 2 | 2 . . Hauler 1 | . 1 . Recycler 2 | . 2 . Turret 1 | . . 1 Watcher 2 | . 2 . Swarmer 9 | . 5 4 Grunt 6 | . 6 . Best Kill Streak 5 | 2 5 5 Combat Bots Only 4 | . 3 4 Max Kills in Single Turn 3 | 1 3 2 Gunslinging . | . . . Exploded 2 | . 1 2 Melee . | . . . Uniques/NPCs Destroyed . | . . . Combat | -11 -10 -10 -------- Run | Yrd Mat Sub Hostile Shots Fired 109 | . 54 55 Missed 43 | . 20 23 Hits 66 | . 34 32 Projectile 66 | . 34 32 AOE 6 | . . 6 Critical Strikes 1 | . . 1 Damage Taken 1354 | . 659 695 Core 262 | . 84 178 Absorbed by Shields . | . . . Core Remaining (%) 100 | 100 . . Volleys Fired 61 | 2 50 9 Largest 2 | 2 2 1 Hottest 80 | 80 80 30 Shots Fired 99 | 4 86 9 Gun 90 | 4 85 1 Cannon . | . . . Launcher 9 | . 1 8 Special . | . . . Kinetic 24 | . 23 1 Thermal . | . . . Explosive 9 | . 1 8 Electromagnetic 66 | 4 62 . Robot Hit Streak 8 | 2 6 8 Robot Miss Streak 5 | . 5 . Penetration Max . | . . . Secondary Targets 1 | . 1 . Max Gunslinging Chain 1 | . 1 . Shots Hit Robots 57 | 2 50 5 Core Hits 35 | 2 22 11 Critical Kills . | . . . Critical Parts Destroyed 1 | . 1 . Critical Strikes 2 | . 2 . Destroy 1 | . 1 . Corrupt 1 | . 1 . Melee Attacks . | . . . Impact . | . . . Slashing . | . . . Piercing . | . . . Sneak Attacks . | . . . Combat Hostiles . | . . . Follow-up Attacks . | . . . Damage Inflicted 1265 | 28 873 364 Guns 723 | 28 680 15 Cannons . | . . . Explosions 536 | . 193 343 Melee . | . . . Ramming 6 | . . 6 Kinetic 198 | . 183 15 Thermal 45 | . 45 . Explosive 491 | . 148 343 Electromagnetic 525 | 28 497 . Impact . | . . . Slashing . | . . . Piercing . | . . . Highest Corruption . | . . . Average Corruption . | . . . Corruption Purged . | . . . Corruption Blocked . | . . . Overload Shots . | . . . Overflow Damage . | . . . Projectiles . | . . . Explosions . | . . . Melee . | . . . Knockbacks . | . . . Impact . | . . . Kinetic . | . . . Secondary . | . . . Self-Inflicted Damage 14 | . . 14 Shots 1 | . . 1 Rammed 3 | . . 3 Targets Rammed 3 | . . 3 Kicked . | . . . Crushed . | . . . Highest Temperature 349 | 18 349 . Average Temperature 100 | 12 104 . Received Heat Transfer 330 | . 165 165 Effects 1 | . 1 . Energy Bleed 1 | . 1 . Siege Activations . | . . . Martial Activations . | . . . Shielding Activations . | . . . Robots Disrupted . | . . . Combat Hostiles . | . . . Robots Corrupted 1 | . 1 . Combat Hostiles . | . . . Parts Fried 3 | . 3 . Impact Corruptions . | . . . Robots Melted . | . . . Combat Hostiles . | . . . Parts Melted . | . . . Heat Transferred . | . . . Parts Sabotaged . | . . . Parts Stolen . | . . . Parts Stripped . | . . . Power Chain Reactions 1 | . 1 . Alert | -11 -10 -10 ------- Run | Yrd Mat Sub Maximum Alert Level . | . . . Low Security (%) 100 | 100 100 . Level 1 . | . . . Level 2 . | . . . Level 3 . | . . . Level 4 . | . . . Level 5 . | . . . High Security . | . . . Max Security . | . . . Peak Influence 68 | 10 68 . Initial . | . . . Average 24 | . 26 . Influence Increases 482 | 10 342 130 Destroy 0b10 Robot/C 320 | . 220 100 Destroy 0b10 Robot/NC 45 | 10 35 . Destroy Leader 46 | . 46 . Successful Hack 17 | . 17 . Destroy Structure 9 | . 9 . Lose Combat Pursuer 45 | . 15 30 Influence Decreases 482 | 10 310 162 Entered New Map 16 | . . 16 Time Decay 410 | 10 280 120 Lost Part 56 | . 30 26 Squads Dispatched 2 | . 2 . Investigation 1 | . 1 . Extermination . | . . . Reinforcement 1 | . 1 . Assault . | . . . Garrison . | . . . Intercept . | . . . Searches Triggered . | . . . Construction Impeded . | . . . Haulers Reinforced . | . . . Active Scanning Responses . | . . . Cargo Convoy Interrupts . | . . . Stealth | -11 -10 -10 --------- Run | Yrd Mat Sub Distress Signals 1 | . 1 . Communications Jammed . | . . . Distress Signals . | . . . Times Spotted 32 | . 21 11 Peak Tracking Total 6 | . 3 6 Tactical Retreats 2 | . 1 1 Traps | -11 -10 -10 ------- Run | Yrd Mat Sub Traps Triggered 1 | . 1 . Indirectly . | . . . Trap Hack Attempts . | . . . Triggered . | . . . Disarmed . | . . . Reprogrammed . | . . . Reused . | . . . Traps Extracted . | . . . Installed . | . . . Triggered . | . . . Machines | -11 -10 -10 ---------- Run | Yrd Mat Sub Machines Disabled 4 | . . 4 Max in Single Turn 3 | . . 3 Machines Repaired . | . . . Machines Dismantled . | . . . Machines Sabotaged . | . . . Overloaded Fab Kills . | . . . Hacking | -11 -10 -10 --------- Run | Yrd Mat Sub Machines Accessed 4 | . 4 . Terminals 3 | . 3 . Fabricators . | . . . Repair Stations . | . . . Recycling Units 1 | . 1 . Scanalyzers . | . . . Garrison Access . | . . . Total Hacks 11 | . 11 . Successful 6 | . 6 . Failed 5 | . 5 . Catastrophic . | . . . Database Lockouts . | . . . Manual 4 | . 4 . Terminals 10 | . 10 . Fabricators . | . . . Repair Stations . | . . . Recycling Units 1 | . 1 . Scanalyzers . | . . . Garrison Access . | . . . Terminal Hacks 3 | . 3 . Prototype ID Bank 1 | . 1 . Alert Level 1 | . 1 . Surveillance Status 1 | . 1 . Fabricator Hacks . | . . . Repair Station Hacks . | . . . Recycling Unit Hacks 1 | . 1 . Report Inventory 1 | . 1 . Scanalyzer . | . . . Garrison Access Hacks . | . . . Unauthorized Hacks 2 | . 2 . Terminals 2 | . 2 . Botnet 1 | . 1 . Operators 1 | . 1 . Fabricators . | . . . Repair Stations . | . . . Recycling Units . | . . . Scanalyzers . | . . . Garrison Access . | . . . Data Cores Recovered . | . . . Used . | . . . Hacking Detections 2 | . 2 . Full Trace Events 1 | . 1 . Feedback Events . | . . . Feedback Blocked . | . . . Robot Schematics Acquired . | . . . Robots Built . | . . . Authchips . | . . . Time . | . . . Total Robot Build Rating . | . . . Part Schematics Acquired . | . . . Parts Built . | . . . Authchips . | . . . Time . | . . . Total Part Build Rating . | . . . Parts Repaired . | . . . Time . | . . . Parts Recycled . | . . . Recycled Matter . | . . . Retrieved Matter . | . . . Retrieved Components . | . . . Parts Scanalyzed . | . . . Part Schematics Acquired . | . . . Parts Damaged . | . . . Bothacking | -11 -10 -10 ------------ Run | Yrd Mat Sub Used RIF Installer . | . . . Robots Hacked . | . . . Non-combat . | . . . Combat . | . . . Robot Hacks Applied . | . . . Relay Couplers Released . | . . . Fabnet Peak Effective % . | . . . Robots Rewired . | . . . Allies Hacked . | . . . Hacks Repelled . | . . . Allies | -11 -10 -10 -------- Run | Yrd Mat Sub Total Allies . | . . . Largest Group . | . . . Highest-Rated Group . | . . . Highest-Rated Ally . | . . . Total Orders . | . . . Ally Attacks . | . . . Total Damage . | . . . Kills . | . . . Allies Corrupted . | . . . Allies Melted . | . . . Intel | -11 -10 -10 ------- Run | Yrd Mat Sub Active Infowar (turns) 108 | 6 102 . Terrain 108 | 6 102 . Robot Analysis Total . | . . . Derelict Logs Recovered . | . . . Drone Launches . | . . . Drone Recoveries . | . . . Exploration | -11 -10 -10 ------------- Run | Yrd Mat Sub Turns Passed 2172 | 69 850 1253 Spaces Moved 1229 | 46 426 757 Core 21 | 21 . . Treads 1208 | 25 426 757 Legs . | . . . Wheels . | . . . Hover . | . . . Flight . | . . . Fastest Speed 50 | 50 160 160 Average Speed 158 | 109 160 160 Slowest Speed 160 | 160 160 160 Overloaded Moves . | . . . Propulsion Burnouts . | . . . Robots Hopped . | . . . Potential Cave-ins . | . . . Cave-ins Triggered . | . . . Exploration Rate (%) 31 | 3 69 23 Regions Visited 2 Branch Regions 1 Pre-discovered Areas . | . . . Known Exits Taken 1 | . 1 . Unknown Exits Taken 1 | 1 . . Scrap Searched . | . . . Spaces Dug . | . . . Terrain Destroyed 38 | . 8 30 Melee . | . . . Projectile . | . . . AOE 38 | . 8 30 Terrain Rammed . | . . . Walls Destroyed . | . . . Machines Disabled . | . . . Actions | -11 -10 -10 --------- Run | Yrd Mat Sub Total 1356 | 60 508 788 Wait 29 | . 16 13 Move 1227 | 45 425 757 Hop . | . . . Pick Up 20 | 6 10 4 Fast Attach 1 | 1 . . Attach 11 | 6 3 2 Detach . | . . . Swap 3 | . 3 . Drop 1 | . 1 . Fire 61 | 2 50 9 Melee . | . . . Ram . | . . . Kick . | . . . Crush 3 | . . 3 Escape Stasis . | . . . Rewire . | . . . Trap . | . . . Miscellaneous . | . . . Route ------- -11/Scrapyard -10/Materials (discovered 4 exits: *Mat / *Min x2 / *Sub) -10/Subcaves (discovered 2 exits: *Mat / *Rec) History --------- Turn | Location | Event 6 | -11/Scrapyard | Discovered new exit (range 15) 70 | -11/Scrapyard | Entered Materials 307 | -10/Materials | Build established: Mutant 312 | -10/Materials | Discovered new exit (range 13) 593 | -10/Materials | Discovered new exit (range 16) 684 | -10/Materials | Identified exit to Mines 861 | -10/Materials | Discovered new exit (range 10) 876 | -10/Materials | Identified exit to Materials 914 | -10/Materials | Discovered new exit (range 5) 919 | -10/Materials | Identified exit to Subcaves 920 | -10/Materials | Entered Subcaves 934 | -10/Subcaves | Discovered new exit (range 13) 958 | -10/Subcaves | Identified exit to Recycling 1009 | -10/Subcaves | Discovered new exit (range 10) 1052 | -10/Subcaves | Identified exit to Materials 1165 | -10/Subcaves | Core integrity fell below 50% 1166 | -10/Subcaves | Ambushed by Subdweller buried in earth 1199 | -10/Subcaves | Lost 4 parts (2n2w) 1266 | -10/Subcaves | Shifting Twisted Machinery released Sub. Shrapnel Launcher 1462 | -10/Subcaves | A swath of the cavern ceiling suddenly collapsed 2115 | -10/Subcaves | Core integrity fell below 20% 2173 | -10/Subcaves | Destroyed by 5B-0E8(R) with Subdweller Laser Last Messages --------------- 01187_ P8-15T(R) suffers critical hit (Destroy). 01195_ Subatomizers dissect the Sub. Monowheel, destroying it. 01199_ HV Slug penetrates P8-15T(R). 01199_ P8-15T(R) suffers critical hit (Destroy). 01199_ HV Slug penetrates Wall. 01202_ P8-15T(R) destroyed. 01210_ Acquired 32 matter. 01220_ Subatomizers dissect the Sub. Power Source. 01235_ Subatomizers dissect the Sub. Power Source, destroying it. Sub. Shrapnel Launcher falls loose from the Twisted Machinery. 01386_ Subatomizers dissect the Sub. Optics, destroying it. 01386_ Acquired 2 matter. 01395_ Acquired Scrap Shield Fragment. A swath of the cavern ceiling suddenly collapses. 01795_ Acquired 31 matter. 01813_ Acquired 4 matter. 02029_ Slammed into H4-73D(u). 02112_ PV-2PN(h) destroyed. 02143_ Critical hit (Destroy). 02143_ Lgt. Treads destroyed. Map ----- +----------------------------------------------------+ | ##?# ##???# # | | ""### ## #???## ### | | # #### ##???# ###### | | ## ## ##??###???## "#" # | | ### ## ## ##?????????# " | | ## #######????????###" " | | ##??????????? ##" " ## | | #????????? " ###" ### " | | #???#### """??###### # | | ##?# "?????### ### | | " #### #????????????# #?? | | ## " ## " "# #????????????# < #?? | | ?## ## ""# #???????????## ##?? | | ??## #### ## #########???????????# #??? | | ???#####??### #####???#####???????????#" #??? | | ????????????######??????## ##??????????#" ##### | | ????????????????????????# ##????????## ## | | ????????????????????????# #????????# ## | | ????????????????????????# ####????## | | ????????????????????????# ### #???# ## | | ???????????????########## ### ##??# ##? | | ???????????????# "" ### ### ##?## #?? | | ???????????????# % # #?# ##?# ### | | ???????????????## # #?# #### | | ???????????????# ### ## | | ???????????????#> @ ### | | ???????????????# ## # | | ??????????????# R ## # | | ??????????????## ## ## ### # | | ???????????????## ################?# | | ????????????????# # ##????????????????# | | ????????????????#########?????????????????# | | ??????????????????????????????????????????## | | ???????????????????????????????????????????### | | ?????????????????????????????????????????????#" | | ??????????????????????????????????????????????# | | ??????????????????????????????????????????????## | | ???????????????????????????????????????????????## | | ????????????????????????????????????????????????# | | ???????????????????????????????????????########## | | ???????????????????????????????????????# # | | ???????????????????????????????????????## | | ???????????????????????????????????????# # | | ??????????????????????????????????????### % # | | ??????????????????????????????????????# ### | | ??????????????????????????????????????# ### # | | ?????????????????????????????????????#" ##### | | ????????????????????????????????????# #??? | | ???????????????????????????????????#" #??? | | ???????????????????????????????????"% #??? | +----------------------------------------------------+ Best States ------------- Heat Dissipation 25 Energy Generation 10 Energy Capacity 250 Matter Stores 300 Matter Capacity 300 Sight Range 16 Terrain Scan Range 16 Terrain Scan Density 10 Armor Coverage 150 Evasion (%) 50 Recoil Reduction 2 Item Schematics ----------------- None Robot Schematics ------------------ None Fabricated ------------ Nothing Repaired ---------- Nothing Alien Tech Used ----------------- None Achievements -------------- None Challenges ------------ None Game ------ Seed RefineryCoilDiverter Manual? 0 Play Time 00:20:07 Cumulative 32.5 hours Start 2025.06.16 @ 18:05:01 End 2025.06.16 @ 18:27:40 Sessions 1 Manual Loads 0 Difficulty Rogue Special Mode None Game No. 39 Rogue 39 Adventurer 0 Explorer 0 Win Type - Total 1 Types 1/0/0/0/0/0/0/0/0/0 Lore% 17 Gallery% 26 Achievement% 31 Wizard Run 0 Options --------- Layout 0 ASCII 0 Keyboard 0 Movement Numpad Keybinds 0 Fullscreen 1 Font 24/Smallcaps Map View 76x50 Zoom Use 0% Tactical HUD 1 Map Filters NONE Filters NONE Steam 1 RUN: b537087a-08cd-4015-bcc6-80ee55b79f9e